 Dungeon Crawl Stone Soup version 0.27.1-2-g3b301248ec (console) character file.

Game seed: 15120876400831334141

1366 om the Chopper (level 8, -1/64 HPs)
             Began as a Palentonga Berserker on Sept 24, 2021.
             Was a Priest of Trog.
             Slain by an orc warrior (9 damage)
             ... on level 6 of the Dungeon.
             The game lasted 00:14:10 (5472 turns).

om the Chopper (Palentonga Berserker)               Turns: 5472, Time: 00:14:11

Health: -1/64      AC: 16    Str: 21    XL:     8   Next: 38%
Magic:  0/8        EV:  9    Int:  8    God:    Trog [***...]
Gold:   227        SH:  0    Dex: 11    Spells: 7/7 levels left

rFire    . . .     SeeInvis +   m - +0 battleaxe
rCold    + . .     Faith    .   (shield currently unavailable)
rNeg     . . .     Spirit   +   c - +0 scale mail
rPois    .         Reflect  .   e - +0 helmet
rElec    .         Harm     .   (no cloak)
rCorr    .         Rampage  .   n - +0 pair of gloves
Will     .....                  (no barding)
Stlth    ..........             q - amulet of guardian spirit
HPRegen  0.20/turn              i - ring of protection from cold
MPRegen  0.11/turn              (no ring)

@: curled up
A: large, rugged brown scales 3, see invisible, deformed body, roll 1, armoured
tail, reflexive curl
a: Rolling Charge, Renounce Religion, Berserk, Trog's Hand


You were on level 6 of the Dungeon.
You worshipped Trog.
Trog was most pleased with you.
You visited 1 branch of the dungeon, and saw 6 of its levels.
You also visited: Sewer.

You collected 253 gold pieces.
You spent 26 gold pieces at shops.

Inventory:

Hand Weapons
 m - a +0 battleaxe (weapon)
Armour
 c - a +0 scale mail (worn)
 e - a +0 helmet (worn)
 n - a +0 pair of gloves (worn)
Jewellery
 i - a ring of protection from cold (left hand)
 q - an amulet of guardian spirit (around neck)
Wands
 k - a wand of charming (5)
Scrolls
 b - a scroll of teleportation
 h - a scroll of enchant weapon
 o - a scroll of summoning
Potions
 a - 3 potions of curing
 d - 2 potions of might
 f - a potion of haste
 g - a potion of lignification
 j - 4 potions of flight
 l - a potion of magic {unknown}
 p - 2 potions of heal wounds {unknown}


   Skills:
 - Level 4.0 Fighting
 * Level 7.2 Axes
 + Level 4.6 Armour
 + Level 4.6 Dodging


You had 7 spell levels left.
You didn't know any spells.
Your spell library was empty.

Dungeon Overview and Level Annotations

Branches:
Dungeon (6/15)             Temple (0/1) D:5           Sewer (visited)

Altars:
Ashenzari
Kikubaaqudgha
Makhleb
Okawaru
Yredelemnul

Shops:
D:2 *   D:3 [

Annotations:
D:3 2 transporters, Menkaure


Innate Abilities, Weirdness & Mutations

You are completely covered in rugged brown scales. (AC +3, +7% HP)
You have supernaturally acute eyesight. (SInv)
Armour fits poorly on your strangely shaped body.
You can roll at nearby foes to attack.
You have a long armoured tail.
You curl defensively after being hit.


Message History

q - an amulet of guardian spirit (around neck)
You barely miss the orc. x2; The orc warrior drinks a potion.
The orc warrior seems to speed up.
The orc completely misses you. The orc hits you but does no damage.
The orc warrior barely misses you.
You closely miss the orc. You hit the orc. The orc warrior closely misses you.
The orc hits you with a +0 flail. The orc hits you but does no damage.
The orc warrior hits you from afar with a +0 glaive.
You barely miss the orc.
The orc is moderately wounded.
You closely miss the orc. The orc hits you with a +0 flail.
The orc hits you with a +0 short sword. The orc warrior barely misses you.
The orc barely misses you. The orc misses you.
The orc warrior hits you from afar with a +0 glaive!
You closely miss the orc.
The orc is moderately wounded.
You hit the orc. The orc warrior closely misses you. The orc misses you.
The orc barely misses you.
You closely miss the orc.
Your tail-slap misses the orc.
The orc is moderately wounded.
You slash the orc!
You kill the orc!
Trog accepts your kill. The orc warrior closely misses you.
The orc warrior hits you from afar with a +0 glaive!
The orc hits you but does no damage. The orc warrior closely misses you.
You closely miss the orc.
The orc is moderately wounded.
The orc closely misses you. The orc warrior closely misses you.
The orc hits you with a +0 short sword. The orc warrior barely misses you.
You barely miss the orc.
The orc is moderately wounded.
The orc warrior hits you from afar with a +0 glaive!!
* * * LOW HITPOINT WARNING * * *
The orc hits you with a +0 short sword.
* * * LOW HITPOINT WARNING * * *
The orc warrior closely misses you.
Okay, then.
Okay, then.
The orc warrior closely misses you.
The orc warrior hits you from afar with a +0 glaive!
* * * LOW HITPOINT WARNING * * *
The orc warrior hits you from afar with a +0 glaive!
You die...

# #.....# #.#.# #
#.....# #.#.#
#.....## #.#.#
#......# #...#
#:...#.###...#
#...........##
#....#..##.##
#######.##.###
#..#.#.#
######.#.#.#
#####.@........#
##...#.####.#.###
#....#o# #.(.###
#...#o#####....#
#.###....##<##..#.#
#......####.##.>..#
#####.).oo......###
...####...#### ##..
......# ...#.###...
....# #.##.


You could see an orc warrior (fast) and an orc.

Vanquished Creatures
  A water moccasin (D:6)
  An orc warrior (D:6)
  Purgy (Sewer)
  A necrophage (D:4)
  An ice beast (D:6)
  Blork the orc (D:5)
  A bullfrog (D:5)
  2 scorpions
  A wyvern skeleton (D:6)
  3 wights (D:5)
  A jelly (D:6)
  3 hounds
  An orc priest (D:5)
  A bullfrog skeleton (D:5)
  3 iguanas
  Ijyb (D:5)
  9 adders
  An ufetubus (D:4)
  2 worms
  17 orcs
  11 ball pythons
  6 endoplasms
  4 giant cockroaches
  8 goblins
  7 hobgoblins
  3 jackals (D:3)
  5 kobolds
  7 quokkas
  5 bats
  3 frilled lizards
  3 rats (D:3)
114 creatures vanquished.

Vanquished Creatures (collateral kills)
  An ufetubus (D:5)
1 creature vanquished.

Vanquished Creatures (others)
  A fungus (D:6)
1 creature vanquished.

Grand Total: 116 creatures vanquished

Notes
Turn   | Place    | Note
-------+----------+-------------------------------------------
     0 | D:1      | om the Palentonga Berserker began the quest for the Orb.
     0 | D:1      | Reached XP level 1. HP: 19/19 MP: 1/1
   201 | D:1      | Reached XP level 2. HP: 25/25 MP: 2/2
   281 | D:1      | Found a faded altar of an unknown god.
   756 | D:2      | Found Cogyt's General Store.
   759 | D:2      | Bought a scroll of identify for 26 gold pieces
   844 | D:2      | Reached XP level 3. HP: 13/31 MP: 3/3
  1124 | D:2      | Reached ** piety under Trog
  1439 | D:2      | Reached XP level 4. HP: 37/37 MP: 4/4
  1445 | D:2      | Reached skill level 4 in Axes
  1579 | D:3      | Found a glowing drain.
  1596 | Sewer    | Entered a sewer
  1768 | Sewer    | Noticed Purgy
  1773 | Sewer    | Killed Purgy
  1774 | Sewer    | Reached XP level 5. HP: 44/44 MP: 5/5
  2376 | D:3      | Found Dapseil's Antique Armour Shop.
  2451 | D:3      | Found an ancient bone altar of Kikubaaqudgha.
  2453 | D:3      | Noticed Menkaure
  2455 | D:3      | Found a basalt altar of Yredelemnul.
  2455 | D:3      | Noticed a phantom
  2458 | D:3      | Found a transporter.
  2515 | D:3      | Found a transporter.
  2984 | D:4      | Reached XP level 6. HP: 51/51 MP: 6/6
  2986 | D:4      | Reached skill level 5 in Axes
  2986 | D:4      | Reached *** piety under Trog
  3590 | D:5      | Entered Level 5 of the Dungeon
  3625 | D:5      | Gained mutation: You curl defensively after being hit.
                  | [Palentonga growth]
  3625 | D:5      | Reached XP level 7. HP: 17/53 MP: 7/7
  3644 | D:5      | Noticed Ijyb
  3664 | D:5      | Killed Ijyb
  3665 | D:5      | Reached skill level 6 in Axes
  4228 | D:5      | Noticed Blork the orc
  4233 | D:5      | Killed Blork the orc
  4602 | D:5      | Found a staircase to the Ecumenical Temple.
  5013 | D:6      | Reached XP level 8. HP: 56/64 MP: 8/8
  5289 | D:6      | Reached skill level 7 in Axes
  5290 | D:6      | Found a faded altar of an unknown god.
  5290 | D:6      | Found a broken altar of Ashenzari.
  5324 | D:6      | Found a faded altar of an unknown god.
  5326 | D:6      | Found a burning altar of Makhleb.
  5328 | D:6      | Found an iron altar of Okawaru.
  5472 | D:6      | Slain by an orc warrior

Illustrated notes

Levels and vault maps discovered:
D:1:      psy_arrival_dodecagon, layout_rooms, hellmonk_ecumenical_altar_run_dry
D:2:      layout_basic, serial_shops, nicolae_shop_behind_doors,
          minmay_strange_pillars, kennysheep_generic_room_14
D:3:      layout_loops_corners, gammafunk_temple_of_torment,
          portal_sewer_entry_a, serial_shops, shop
D:4:      layout_cave_pools, nrook_campfire
D:5:      layout_loops_ring, temple_green, uniq_ijyb, uniq_blork_the_orc
D:6:      layout_basic, chequers_temple_overflow_minitemple,
          kennysheep_cross_room, uniq_crazy_yiuf_cottage

Skill      XL: |  1  2  3  4  5  6  7  8 |
---------------+-------------------------+-----
Armour         | 2 3 4 |  4.6
Dodging        | 2 3 4 |  4.6
Axes           | 4 5 6 7 |  7.2
Fighting       | 4 |  4.0

Action                   |  1- 3 |  4- 6 |  7- 9 || total
-------------------------+-------+-------+-------++-------
Melee: Hand axe          |    18 |       |       ||    18
       War axe           |    70 |    90 |    49 ||   209
       Tailslap          |     6 |    12 |     9 ||    27
       Battleaxe         |       |       |    41 ||    41
Invok: Berserk           |       |     4 |     2 ||     6
 Abil: Rolling Charge    |    23 |    17 |    16 ||    56
  Use: Scroll            |     7 |     7 |       ||    14
       Potion            |       |       |     1 ||     1
 Stab: Sleeping          |       |     1 |       ||     1
Armor: Animal skin       |    33 |    24 |       ||    57
       Ring mail         |       |     9 |    22 ||    31
       Scale mail        |       |       |    16 ||    16
Dodge: Dodged            |    39 |    50 |    54 ||   143
